 Adventure DCSS version bcrawl-1.27.3 (webtiles) character file.

Game seed: 5432483557159692885

160744 galech the Chopper (level 5, 42/42 HPs)
             Began as a Demonspawn Fighter on July 31, 2020.
             Quit the game on level 4 of the Dungeon.
             The game lasted 00:03:59 (2933 turns).

galech the Chopper (Demonspawn Fighter)             Turns: 2933, Time: 00:03:59

Health: 42/42      AC: 14    Str: 17    XL:     5   Next: 86%
Magic:  5/5        EV:  6    Int:  9    God:
Gold:   264        SH:  9    Dex: 14    Spells: 4/4 levels left
                                        Lives:  1   Deaths: 1

rFire    . . .     SeeInvis .   a - +0 war axe
rCold    . . .     Gourm    +   c - +0 medium shield
rNeg     . . .     Faith    .   b - +0 scale mail
rPois    .         Spirit   .   (helmet restricted)
rElec    .         Reflect  .   l - +0 cloak
rCorr    .         Harm     .   (no gloves)
MR       .....                  (no boots)
Stlth    ..........             r - amulet of the gourmand
HPRegen  0.14/turn              k - +3 ring of protection
MPRegen  0.09/turn              m - +3 ring of protection

@: no status effects
A: antennae 1, foul stench 1, rot immunity
a: no special abilities


You were on level 4 of the Dungeon.
You were not hungry.

You visited 1 branch of the dungeon, and saw 4 of its levels.

You collected 264 gold pieces.

Inventory:

Hand Weapons
 a - a +0 war axe (weapon)
Armour
 b - a +0 scale mail (worn)
 c - a +0 medium shield (worn)
 l - a +0 cloak (worn)
Jewellery
 k - a +3 ring of protection (left hand)
 m - a +3 ring of protection (right hand)
 r - an amulet of the gourmand (around neck)
Scrolls
 d - a scroll of noise {unknown}
 f - a scroll of teleportation {unknown}
 h - a scroll of immolation {unknown}
 i - 8 scrolls of identify
 o - a scroll of remove curse {unknown}
 p - 3 scrolls of amnesia {unknown}
Comestibles
 e - 5 rations {!d}
 g - 5 chunks of flesh


   Skills:
 + Level 3.7 Fighting
 + Level 4.5 Axes
 + Level 3.8 Armour
 + Level 2.0 Dodging
 + Level 3.8 Shields


You had 4 spell levels left.
You didn't know any spells.
Your spell library was empty.

Dungeon Overview and Level Annotations

Branches:
Dungeon (4/12)
 Temple: D:4-7

Altars:
Xom
The Shining One


Innate Abilities, Weirdness & Mutations

You have a pair of small antennae on your head.
You may emit foul miasma when damaged in melee.
You are immune to rotting.


Message History

Your shield and scale mail prevent you from hitting the ice beast.
The ice beast is severely wounded.
The ice beast hits you.
* * * LOW HITPOINT WARNING * * *
The ice beast freezes you!
You die...
Xom reaches out...
You are now level 5!
You rejoin the land of the living...
Quiver which item? (- for none, * to show all) (? for menu, Esc to quit)
You don't have any such object.
Quiver which item? (- for none, * to show all) (? for menu, Esc to quit)
Huh?
Quiver which item? (- for none, * to show all) (? for menu, Esc to quit)
Huh?
Quiver which item? (- for none, * to show all) (? for menu, Esc to quit)
Okay, then.
Unknown command.
Unknown command.
Are you sure you want to abandon this character and quit the game? (Confirm with "yes".)

. . . . #
. .
#####+###
#.....@.#
#.......#
#.......#
#.......#
#.......#
#.......#
#........
#........


There were no monsters in sight!

Vanquished Creatures
  An ogre (D:2)
  A bullfrog (D:4)
  A hound (D:4)
  Crazy Yiuf (D:2)
  An orc wizard (D:3)
  A centaur skeleton (D:4)
  An orc priest (D:3)
  5 adders
  4 oozes
  4 worms
  2 dart slugs
  5 leopard geckos
  10 orcs
  3 giant cockroaches
  11 hobgoblins
  8 jackals
  9 kobolds
  3 quokkas
  2 ball pythons
  4 bats
  5 frilled lizards
  4 goblins
  A jackal skeleton (D:4)
  5 rats
92 creatures vanquished.

Notes
Turn   | Place    | Note
-------+----------+-------------------------------------------
     0 | D:1      | galech the Demonspawn Fighter began the quest for the Orb.
     0 | D:1      | Reached XP level 1. HP: 18/18 MP: 1/1
   109 | D:1      | Gained mutation: You are immune to rotting. [demonic
                  | ancestry]
   109 | D:1      | Reached XP level 2. HP: 24/24 MP: 2/2
   174 | D:1      | Reached skill level 2 in Axes
  1075 | D:2      | Gained mutation: You have a pair of small antennae on your
                  | head. [demonic ancestry]
  1075 | D:2      | Reached XP level 3. HP: 29/29 MP: 3/3
  1157 | D:2      | Noticed an ogre
  1177 | D:2      | Killed an ogre
  1177 | D:2      | Reached skill level 3 in Axes
  1177 | D:2      | Gained mutation: You may emit foul miasma when damaged in
                  | melee. [demonic ancestry]
  1177 | D:2      | Reached XP level 4. HP: 6/35 MP: 4/4
  1183 | D:2      | HP: 1/35 [quokka (4)]
  1378 | D:2      | Reached XP level 5. HP: 39/41 MP: 5/5
  1707 | D:2      | Found a runed door.
  1753 | D:2      | Noticed Crazy Yiuf
  1759 | D:2      | Killed Crazy Yiuf
  1759 | D:2      | Reached skill level 1 in Dodging
  2047 | D:3      | Found a glowing golden altar of the Shining One.
  2281 | D:3      | Reached XP level 6. HP: 43/47 MP: 6/6
  2385 | D:3      | Reached skill level 4 in Axes
  2526 | D:3      | Found a shimmering altar of Xom.
  2922 | D:4      | Noticed an ice beast
  2932 | D:4      | Slain by an ice beast
  2933 | D:4      | Reached XP level 5. HP: -5/42 MP: 5/5
  2933 | D:4      | Quit the game

Skill      XL: |  1  2  3  4  5  6 |
---------------+-------------------+-----
Shields        | 3 |  3.8
Axes           | 2 3 4 |  4.5
Armour         | 3 |  3.8
Dodging        | 1 2 |  2.0
Fighting       | |  3.7

Action                   |  1- 3 |  4- 6 || total
-------------------------+-------+-------++-------
Melee: War axe           |   114 |   214 ||   328
  Use: Potion            |     1 |     4 ||     5
  Eat: Chunk             |     5 |    20 ||    25
Armor: Scale mail        |    78 |   139 ||   217
Dodge: Dodged            |    27 |    67 ||    94
Block: Medium shield     |    47 |   134 ||   181
